AoeStats
← Chia

Arena

509904552Analyzed
2v2 RM · 4d ago on Sep 28, 2026· 34m 16s· 4 players
Game mode
Random Map
Map size
Medium (4 player)
Population
200
Speed
Normal
Resources
Standard
Victory
Conquest
Starting age
Dark Age
Ending age
Imperial Age
RankedLock teamsTeams togetherTeam positionsShared explorationLock speedFull tech treeHidden civsTurbo modeCheats
Victory
Defeat
🇹🇼 Italians · Taiwan
1088
+17
🇹🇼 Turks · Taiwan
1087
+17
🇫🇷 Spanish · France
1122
-18
🇫🇷 Franks · France
1081
-16
Chia
10:39 Feudal Age
14:48 Castle Age
14:18 Loom
17:14 Double-Bit Axe
24:04 Horse Collar
26:44 Fletching
31:38 Imperial Age
29:21 Gold Mining
30:24 Bodkin Arrow
31:20 Ballistics
32:19 Padded Archer Armor
32:21 Bracer
34:48 Padded Archer Armor
beauty viper
12:24 Feudal Age
16:34 Castle Age
21:06 Imperial Age
Roodey
7:01 Loom
10:01 Feudal Age
13:35 Castle Age
14:50 Loom
27:17 Padded Archer Armor
28:20 Leather Archer Armor
31:52 Wheelbarrow
31:08 Town Watch
32:48 Double-Bit Axe
32:44 Horse Collar
Tonton Flingueur
10:14 Feudal Age
10:49 Double-Bit Axe
11:47 Loom
14:14 Castle Age
17:33 Bow Saw
22:43 Forging
22:34 Scale Mail Armor
23:59 Wheelbarrow
28:58 Fletching
29:08 Padded Archer Armor
29:10 Elite Skirmisher
34:13 Bodkin Arrow
34:34 Leather Archer Armor
Connection lost

Rejoining the realm…

Still unreachable

The connection could not be restored.

Session expired

The server has moved on; the page needs a fresh start.